[Event "KAZ Cup Women 2019"]
[Site "Almaty"]
[Date "2019.12.12"]
[Round "1.1"]
[White "Tomilova, Elena"]
[Black "Dauletova, Gulmira"]
[Result "1-0"]
[ECO "B47"]
[WhiteElo "2341"]
[BlackElo "2250"]
[Annotator "ChessBase"]
[PlyCount "81"]
[EventDate "2019.12.12"]
[EventType "tourn"]
[EventCountry "KAZ"]
[SourceTitle "playchess.com"]
[Source "ChessBase"]
[SourceQuality "1"]
[TimeControl "40/5400+30:1800+30"]

1. e4 c5 2. Nf3 e6 3. d4 cxd4 4. Nxd4 Nc6 5. Nc3 Qc7 6. g3 a6 7. Bg2 Nf6 8. O-O h5 9. Nf3 Bd6 10. Bg5 Ng4 11. Qd2 Na5 12. b3 f6 13. Bf4 Bxf4 14. gxf4 b5 15. a4 b4 16. Ne2 Rb8 17. h3 Nh6 18. Nh4 Nf7 19. f5 Nc6 20. Nf4 Nce5 21. Rac1 Qd6 22. Qe2 Ng4 23. Nhg6 Rh6 24. hxg4 hxg4 25. Qxg4 Ng5 26. e5 Qb6 27. Rfe1 Kf7 28. Rcd1 Qc7 29. Rd2 Rb6 30. exf6 gxf6 31. Ne5+ fxe5 32. Qxg5 exf5 33. Nd5 Qc5 34. Nxb6 Rxb6 35. Qxf5+ Rf6 36. Qh7+ Kf8 37. Qh8+ Kf7 38. Bd5+ Kg6 39. Rxe5 Qc3 40. Qh5+ Kg7 41. Re7+ 1-0

[Event "KAZ Cup Women 2019"]
[Site "Almaty"]
[Date "2019.12.12"]
[Round "1.2"]
[White "Davletbayeva, Madina"]
[Black "Gvetadze, Sofio"]
[Result "0-1"]
[ECO "B31"]
[WhiteElo "2238"]
[BlackElo "2301"]
[Annotator "ChessBase"]
[PlyCount "80"]
[EventDate "2019.12.12"]
[EventType "tourn"]
[EventCountry "KAZ"]
[SourceTitle "playchess.com"]
[Source "ChessBase"]
[SourceQuality "1"]
[TimeControl "40/5400+30:1800+30"]

1. e4 c5 2. Nf3 Nc6 3. Bb5 g6 4. Bxc6 dxc6 5. d3 Bg7 6. h3 Qc7 7. O-O Nf6 8. Be3 Nd7 9. Qc1 h6 10. Nc3 e5 11. a4 a5 12. Nd2 g5 13. Ne2 b6 14. Ng3 Nf6 15. Nc4 Be6 16. b3 O-O-O 17. Qb2 Nd7 18. c3 Bf8 19. d4 exd4 20. cxd4 Bg7 21. Rac1 Kb8 22. Rfd1 Rhe8 23. Qb1 cxd4 24. Bxd4 Bxd4 25. Rxd4 Bxc4 26. Rdxc4 Ne5 27. R4c3 Rd2 28. Nf1 Rd4 29. Qc2 Red8 30. Qe2 Nd3 31. R1c2 c5 32. Ne3 Nb4 33. Rc1 Rxe4 34. Qb5 Ka7 35. Nc4 Na2 36. Nxa5 Rd6 37. f3 Nxc3 38. Rxc3 Rd1+ 39. Kf2 Rd2+ 40. Kf1 Re6 0-1

[Event "KAZ Cup Women 2019"]
[Site "Almaty"]
[Date "2019.12.12"]
[Round "1.3"]
[White "Khomeriki, Nino"]
[Black "Nakhbayeva, Guliskhan"]
[Result "1/2-1/2"]
[ECO "E18"]
[WhiteElo "2355"]
[BlackElo "2296"]
[Annotator "ChessBase"]
[PlyCount "73"]
[EventDate "2019.12.12"]
[EventType "tourn"]
[EventCountry "KAZ"]
[SourceTitle "playchess.com"]
[Source "ChessBase"]
[SourceQuality "1"]
[TimeControl "40/5400+30:1800+30"]

1. d4 Nf6 2. c4 e6 3. Nf3 b6 4. g3 Bb7 5. Bg2 Be7 6. O-O O-O 7. Nc3 Ne4 8. Bd2 d5 9. cxd5 exd5 10. Qc2 Nd7 11. Bf4 c5 12. Rfd1 Rc8 13. Rac1 Qe8 14. Be3 Nxc3 15. bxc3 c4 16. Bh3 Bc6 17. Re1 Ba3 18. Rb1 Qe7 19. Ne5 Bd6 20. Nxc6 Rxc6 21. Rb5 Nf6 22. Bg5 Qe4 23. Qa4 a6 24. Qxa6 Qc2 25. Rc1 Qxe2 26. Bxf6 Bf4 27. gxf4 Rxf6 28. f5 Qh5 29. Bg2 Qxf5 30. Qb7 Qxf2+ 31. Kh1 Rh6 32. Rf1 Qg3 33. h3 Rxh3+ 34. Bxh3 Qxh3+ 35. Kg1 Qg3+ 36. Kh1 Qh3+ 37. Kg1 1/2-1/2

[Event "KAZ Cup Women 2019"]
[Site "Almaty"]
[Date "2019.12.12"]
[Round "1.4"]
[White "Balabayeva, Xeniya"]
[Black "Gevorgyan, Maria"]
[Result "0-1"]
[ECO "B36"]
[WhiteElo "2119"]
[BlackElo "2255"]
[Annotator "ChessBase"]
[PlyCount "106"]
[EventDate "2019.12.12"]
[EventType "tourn"]
[EventCountry "KAZ"]
[SourceTitle "playchess.com"]
[Source "ChessBase"]
[SourceQuality "1"]
[TimeControl "40/5400+30:1800+30"]

1. e4 c5 2. Nf3 Nc6 3. d4 cxd4 4. Nxd4 g6 5. c4 Nf6 6. Nc3 Nxd4 7. Qxd4 d6 8. Be3 Bg7 9. f3 O-O 10. Qd2 a5 11. Na4 Nd7 12. O-O-O Qc7 13. Kb1 Nc5 14. Nc3 Be6 15. g4 a4 16. Be2 Qa5 17. Bd4 Rfc8 18. Bxg7 Kxg7 19. h4 h6 20. f4 Nd7 21. Qd4+ f6 22. Nd5 Qc5 23. Nxe7 Re8 24. Nd5 Bxd5 25. cxd5 Rac8 26. Bf3 Qc2+ 27. Ka1 a3 28. Rb1 Rc4 29. Qd1 Nc5 30. Qxc2 Rxc2 31. bxa3 Rc3 32. Rhf1 Rxa3 33. Rb6 Rea8 34. Rf2 Re3 35. Rf1 Rea3 36. Rf2 Re3 37. Rf1 Kf7 38. Kb1 Raa3 39. Bh1 Ke7 40. Rc1 Kd7 41. Rb4 Rg3 42. e5 Rxg4 43. e6+ Kc7 44. Rxc5+ dxc5 45. Rxb7+ Kxb7 46. d6+ Kc8 47. e7 Rg1+ 48. Kc2 Re1 49. Bc6 Rxa2+ 50. Kd3 Ra7 51. e8=Q+ Rxe8 52. Bxe8 Kd8 53. Bxg6 Kd7 {[%emt 0:00:00] Kd4} 0-1

[Event "KAZ Cup Women 2019"]
[Site "Almaty"]
[Date "2019.12.12"]
[Round "1.5"]
[White "Kim, Kristina"]
[Black "Ankudinova, Yelena"]
[Result "1-0"]
[ECO "D00"]
[WhiteElo "1975"]
[BlackElo "2093"]
[Annotator "NA"]
[PlyCount "89"]
[EventDate "2019.12.12"]
[EventType "tourn"]
[EventCountry "KAZ"]
[SourceTitle "playchess.com"]
[Source "ChessBase"]
[SourceQuality "1"]
[TimeControl "40/5400+30:1800+30"]

1. d4 d5 2. Bf4 Nf6 3. e3 e6 4. Nf3 Bd6 5. Bg3 Ne4 6. Nbd2 Nxg3 {[%emt 0:04:57] D02: 1 d4 d5 2 Nf3 sidelines, including 2...Nf6 3 g3 and 2...Nf6 3 Bf4} 7. hxg3 Nd7 8. c4 dxc4 $146 ({Predecessor:} 8... c6 9. Qc2 Nf6 10. Be2 Bd7 11. O-O-O Qa5 12. Kb1 Qc7 13. c5 Be7 14. Ne5 b6 15. g4 bxc5 16. g5 Ne4 17. Nxe4 dxe4 18. g6 fxg6 19. Nxg6 Rg8 20. Nxe7 {1-0 (20) Bauer,C (2618)-Sgnaolin,D (2234) Martigny 2015}) 9. Bxc4 e5 10. Qc2 (10. Ne4 $142) 10... h6 11. Ne4 Qe7 {[%emt 0:08:01] [#]} 12. a3 ({White should play} 12. Rh4 $1 $18) 12... exd4 13. Nxd4 Nb6 14. Bb5+ Kf8 15. Nxd6 Qxd6 16. Rd1 Qe7 {[%emt 0:00:42] [#]} (16... Bg4 $16) 17. Rh4 $1 g5 18. Re4 Qf6 19. Qxc7 Kg7 20. Qe5 a6 21. Be2 Qxe5 22. Rxe5 Kf6 23. Rc5 Na4 24. Rc2 Rd8 25. g4 Rd6 26. Bf3 Rb8 27. Rdc1 Bd7 28. b3 Nb6 29. Rc5 Re8 30. Kf1 ({Stronger than} 30. Bxb7 Rxd4 31. Rc6+ Bxc6 $11) 30... Rc8 (30... Rb8 $142 31. Ke2 Be6) 31. a4 Rb8 32. Ke2 Nc8 33. Rc7 b5 34. Nc6 Ra8 35. Na5 Rb8 36. Nb7 Rxb7 37. Rxb7 bxa4 $18 38. Rxd7 Rxd7 39. Rxc8 axb3 40. Rb8 Rc7 41. Rxb3 Rc2+ 42. Ke1 Ra2 43. Rb6+ Kg7 44. Bd5 Ra1+ 45. Ke2 1-0

[Event "KAZ Cup Women 2019"]
[Site "Almaty"]
[Date "2019.12.13"]
[Round "2.2"]
[White "Gevorgyan, Maria"]
[Black "Kim, Kristina"]
[Result "0-1"]
[ECO "B06"]
[WhiteElo "2255"]
[BlackElo "1975"]
[Annotator "RC"]
[PlyCount "76"]
[EventDate "2019.12.12"]
[EventType "tourn"]
[EventCountry "KAZ"]
[SourceTitle "playchess.com"]
[Source "ChessBase"]
[SourceQuality "1"]
[TimeControl "40/5400+30:1800+30"]

1. e4 g6 2. d4 Bg7 3. Nc3 c6 4. f4 d5 5. e5 Nh6 6. Nf3 Bg4 7. h3 Bxf3 8. Qxf3 f6 9. Be3 O-O 10. exf6 exf6 11. g4 f5 12. O-O-O Nd7 13. Bd3 Nb6 14. Kb1 Qd7 15. gxf5 Nxf5 16. Bxf5 Qxf5 17. h4 Nc4 18. Bc1 Rae8 19. h5 b5 20. hxg6 hxg6 21. Rh2 Re6 22. Ne2 Rfe8 23. Ng3 Qf6 24. f5 Re1 25. Rxe1 Rxe1 26. Qf2 Rd1 27. b3 Qg5 28. Ne2 Qd2 29. bxc4 Qb4+ 30. Ka1 Bxd4+ 31. Qxd4 Rxd4 32. c3 Qd6 33. Rg2 Re4 34. Nd4 Rxd4 35. cxd4 Qb4 36. Rxg6+ Kf7 37. Rxc6 Qc3+ {[%emt 0:01:22] Kb2 Qxd4+ Kc2 Qe4+ Kb2 dxc4 Ra6 Qd4+ Kc2 b4 Bd2 b3+ axb3 cxb3+ Kxb3 Qd3+ Bc3 Qxa6 f6 Ke6 Kc2 Kd5 Kd2 Ke4 Kc2 Qa2+} 38. Bb2 a5 0-1

[Event "KAZ Cup Women 2019"]
[Site "Almaty"]
[Date "2019.12.13"]
[Round "2.3"]
[White "Nakhbayeva, Guliskhan"]
[Black "Balabayeva, Xeniya"]
[Result "1-0"]
[ECO "A43"]
[WhiteElo "2296"]
[BlackElo "2119"]
[Annotator "RC"]
[PlyCount "73"]
[EventDate "2019.12.12"]
[EventType "tourn"]
[EventCountry "KAZ"]
[SourceTitle "playchess.com"]
[Source "ChessBase"]
[SourceQuality "1"]
[TimeControl "40/5400+30:1800+30"]

1. d4 Nf6 2. c4 c5 3. d5 d6 4. Nc3 g6 5. e4 Bg7 6. Be2 O-O 7. Be3 e6 8. Nf3 Re8 9. Nd2 Na6 10. O-O Nc7 11. a4 a5 12. Bg5 h6 13. Bh4 e5 14. Bg3 Nh7 15. f4 exf4 16. Bxf4 Qe7 17. Kh1 f5 18. exf5 Bxf5 19. Bg4 Bd3 20. Rg1 Nf6 21. Bf3 Nd7 22. Qb3 Ne5 23. Rae1 Qf7 24. Bg3 g5 25. Be4 Bxe4 26. Ncxe4 Qd7 27. Rgf1 Kh8 28. Nf6 Bxf6 29. Rxf6 Ng4 30. Rff1 h5 31. Ne4 h4 32. Bxd6 Na6 33. Qc3+ Kh7 34. Nxg5+ Kg6 35. Nf7 Rxe1 36. Qxe1 Re8 37. Qxh4 1-0

[Event "KAZ Cup Women 2019"]
[Site "Almaty"]
[Date "2019.12.13"]
[Round "2.4"]
[White "Gvetadze, Sofio"]
[Black "Khomeriki, Nino"]
[Result "1/2-1/2"]
[ECO "C49"]
[WhiteElo "2301"]
[BlackElo "2355"]
[Annotator "NA RC"]
[PlyCount "139"]
[EventDate "2019.12.12"]
[EventType "tourn"]
[EventCountry "KAZ"]
[SourceTitle "playchess.com"]
[Source "ChessBase"]
[SourceQuality "1"]
[TimeControl "40/5400+30:1800+30"]

1. e4 e5 2. Nf3 Nc6 3. Nc3 Nf6 4. Bb5 Bb4 5. O-O O-O 6. d3 d6 7. Bg5 Bxc3 8. bxc3 Bg4 (8... h6 $5 9. Be3 Ne7 $11) 9. h3 Bh5 10. g4 Bg6 11. Bxc6 bxc6 12. Rb1 {[%emt 0:00:27] C49: Four Knights: 4 Bb5 Bb4} (12. Nd2 h6 13. Bh4 Bh7 14. Nc4 Qe7 15. Qf3 {½-½ (15) Smeets,J (2593)-Werle,J (2591) London 2008}) 12... Qe7 13. Qe2 $146 ({Predecessor:} 13. c4 Qe6 14. Nd2 h5 15. f3 Rab8 16. Rb3 Rxb3 17. cxb3 Kh7 18. Kg2 Rh8 19. Rh1 d5 20. cxd5 cxd5 {½-½ (41) Michalko,P (1508)-Turkova,K (1604) Tatranska Lesna 2006}) 13... Rab8 14. a4 Qe6 15. Bxf6 Qxf6 16. Qe3 a6 ({Better is} 16... c5 $11) 17. Kg2 c5 18. Rb3 Qe7 19. Rfb1 Rbc8 20. c4 f6 21. a5 Be8 22. Ng1 Bc6 23. f3 g6 24. Ne2 f5 25. Kh2 (25. Nc3 $11 {keeps the balance.}) 25... fxg4 (25... Ba4 $17 26. R3b2 fxe4 27. Qxe4 Kg7) 26. fxg4 (26. hxg4 $11 Bd7 27. Kg2) 26... Qh4 27. Ng3 (27. Kg2 $142) 27... h5 28. gxh5 {[%emt 0:01:42] [#]} Bd7 $1 29. Nh1 Qxh5 30. Rg1 Kg7 31. Rg3 Rf7 32. Rb7 Bc6 33. Rb1 Rcf8 34. Rbg1 Rf3 35. Rxg6+ (35. Rxf3 $11 Qxf3 36. Qxf3 Rxf3 37. Kg2) 35... Kh7 $2 (35... Qxg6 $17 {stays on course.} 36. Rxg6+ Kxg6 37. Qg1+ Kf7) 36. Rg7+ Kh8 37. Ng3 Rxe3 38. Nxh5 Be8 {[%emt 0:00:13] [#]} 39. R7g5 (39. Ng3 $1 $16) 39... Rf2+ $1 40. R1g2 Rxg2+ 41. Kxg2 Re2+ 42. Kf3 Rxc2 43. Nf6 Bf7 44. h4 Rd2 $11 45. Ke3 Rh2 46. h5 Rh3+ 47. Kd2 Rf3 48. Rf5 Rh3 49. Nd7 Be6 50. Rf8+ Kg7 51. Rc8 Rf3 52. Rd8 Bxd7 53. Rxd7+ Rf7 54. Rd8 Kh6 55. Rh8+ Rh7 56. Ra8 Kxh5 57. Rxa6 Kg6 58. Ra8 Kf6 59. Kc3 Rh1 60. Kb2 Rh2+ 61. Kb3 Rh1 62. Ka4 Ke6 63. Rg8 Kd7 64. Kb5 Rb1+ 65. Ka6 Rb3 66. Rg3 Ra3 67. Kb5 Rb3+ 68. Ka6 Ra3 69. Kb5 Rb3+ 70. Ka6 1/2-1/2

[Event "KAZ Cup Women 2019"]
[Site "Almaty"]
[Date "2019.12.13"]
[Round "2.5"]
[White "Tomilova, Elena"]
[Black "Davletbayeva, Madina"]
[Result "1-0"]
[ECO "A46"]
[WhiteElo "2341"]
[BlackElo "2238"]
[Annotator "RC"]
[PlyCount "73"]
[EventDate "2019.12.12"]
[EventType "tourn"]
[EventCountry "KAZ"]
[SourceTitle "playchess.com"]
[Source "ChessBase"]
[SourceQuality "1"]
[TimeControl "40/5400+30:1800+30"]

1. d4 Nf6 2. Nf3 e6 3. e3 b6 4. Bd3 Bb7 5. O-O c5 6. c4 g6 7. Nc3 Bg7 8. d5 exd5 9. cxd5 Nxd5 10. Nxd5 Bxd5 11. Bxg6 hxg6 12. Qxd5 Nc6 13. e4 Qe7 14. Bg5 Qe6 15. Qd2 Nd4 16. Nxd4 Bxd4 17. a4 Kf8 18. Rfe1 Kg7 19. Be3 Bxe3 20. Rxe3 Qe5 21. h3 Rad8 22. Rd1 Rhe8 23. Qc2 Re6 24. Rd5 Qf6 25. Rf3 Qe7 26. Qc3+ Kg8 27. e5 d6 28. Rfd3 Rxe5 29. Qxe5 dxe5 30. Rxd8+ Kg7 31. R8d7 Qg5 32. Rf3 Qc1+ 33. Kh2 Qxb2 34. Rfxf7+ Kg8 35. Rfe7 Kf8 36. Rh7 Kg8 37. Rdg7+ 1-0

[Event "KAZ Cup Women 2019"]
[Site "Almaty"]
[Date "2019.12.14"]
[Round "4.2"]
[White "Nakhbayeva, Guliskhan"]
[Black "Ankudinova, Yelena"]
[Result "1-0"]
[ECO "D10"]
[WhiteElo "2296"]
[BlackElo "2093"]
[Annotator "NA RC"]
[PlyCount "33"]
[EventDate "2019.12.12"]
[EventType "tourn"]
[EventCountry "KAZ"]
[SourceTitle "playchess.com"]
[Source "ChessBase"]
[SourceQuality "1"]
[TimeControl "40/5400+30:1800+30"]

1. d4 d5 2. c4 c6 3. Nc3 Nf6 4. e3 g6 5. Nf3 Bg7 6. Bd3 O-O 7. h3 Bf5 8. Bxf5 gxf5 9. Qc2 dxc4 10. Qxf5 Na6 11. Ne5 c5 $14 12. O-O ({Of course not} 12. Nxc4 cxd4 13. exd4 Qxd4 $15) 12... cxd4 13. exd4 e6 14. Qg5 Rc8 15. Qg3 Qxd4 16. Rd1 Nh5 17. Qxg7+ 1-0

[Event "KAZ Cup Women 2019"]
[Site "Almaty"]
[Date "2019.12.14"]
[Round "4.3"]
[White "Gvetadze, Sofio"]
[Black "Kim, Kristina"]
[Result "1-0"]
[ECO "B06"]
[WhiteElo "2301"]
[BlackElo "1975"]
[Annotator "RC"]
[PlyCount "83"]
[EventDate "2019.12.12"]
[EventType "tourn"]
[EventCountry "KAZ"]
[SourceTitle "playchess.com"]
[Source "ChessBase"]
[SourceQuality "1"]
[TimeControl "40/5400+30:1800+30"]

1. e4 g6 2. d4 Bg7 3. Nc3 c6 4. h3 d5 5. Nf3 Nh6 6. Bd3 f6 7. Qe2 O-O 8. exd5 cxd5 9. Nxd5 Kh8 10. Ne3 Nc6 11. c3 e5 12. dxe5 fxe5 13. Nd2 Nf5 14. Ne4 Nh4 15. Bd2 Bh6 16. O-O-O Qa5 17. Bc4 a6 18. Nd6 Qc7 19. Nxc8 Raxc8 20. Kb1 Bxe3 21. fxe3 e4 22. Bd5 Qe7 23. c4 h5 24. Rhf1 Nf5 25. Qe1 h4 26. Qe2 Ng3 27. Rxf8+ Rxf8 28. Qg4 Kh7 29. Bc3 Rf5 30. a3 g5 31. Bxc6 bxc6 32. Be1 Kg6 33. Bxg3 hxg3 34. Qxg3 Qc5 35. Rd4 Re5 36. Qg4 Qe7 37. Qc8 Qe6 38. Qd8 Kh5 39. Rd6 Qe8 40. Qf6 Kh4 41. Qf2+ Kh5 42. g4# 1-0

[Event "KAZ Cup Women 2019"]
[Site "Almaty"]
[Date "2019.12.14"]
[Round "4.4"]
[White "Tomilova, Elena"]
[Black "Balabayeva, Xeniya"]
[Result "1/2-1/2"]
[ECO "A46"]
[WhiteElo "2341"]
[BlackElo "2119"]
[Annotator "RC"]
[PlyCount "80"]
[EventDate "2019.12.12"]
[EventType "tourn"]
[EventCountry "KAZ"]
[SourceTitle "playchess.com"]
[Source "ChessBase"]
[SourceQuality "1"]
[TimeControl "40/5400+30:1800+30"]

1. d4 e6 2. Nf3 Nf6 3. e3 b6 4. Bd3 Bb7 5. O-O c5 6. c4 Nc6 7. Nc3 d5 8. cxd5 Nxd5 9. Nxd5 Qxd5 10. e4 Qd7 11. d5 exd5 12. exd5 Qxd5 13. Re1+ Be7 14. Qe2 O-O 15. Be4 Qh5 16. Bf4 Bf6 17. Rad1 Rad8 18. Rxd8 Nxd8 19. Bd6 Re8 20. Bxh7+ Kxh7 21. Qxe8 Bxf3 22. gxf3 Ne6 23. Qa8 Ng5 24. Re8 Nxf3+ 25. Kh1 g6 26. Qb7 Ng5 27. Re1 Kg7 28. Qa8 Bxb2 29. f4 Nf3 30. Re2 Nh4 31. Qf8+ Kh7 32. Qxf7+ Bg7 33. Bf8 Qf3+ 34. Kg1 Nf5 35. Bxg7 Qxe2 36. Bf8+ Kh8 37. Qf6+ Kh7 38. Qf7+ Kh8 39. Qf6+ Kh7 40. Qf7+ Kh8 1/2-1/2

[Event "KAZ Cup Women 2019"]
[Site "Almaty"]
[Date "2019.12.14"]
[Round "4.5"]
[White "Davletbayeva, Madina"]
[Black "Khomeriki, Nino"]
[Result "1-0"]
[ECO "B31"]
[WhiteElo "2238"]
[BlackElo "2355"]
[Annotator "ChessBase"]
[PlyCount "135"]
[EventDate "2019.12.12"]
[EventType "tourn"]
[EventCountry "KAZ"]
[SourceTitle "playchess.com"]
[Source "ChessBase"]
[SourceQuality "1"]
[TimeControl "40/5400+30:1800+30"]

1. e4 c5 2. Nf3 Nc6 3. Bb5 g6 4. Bxc6 bxc6 5. O-O Bg7 6. Re1 Qc7 7. c3 d6 8. h3 Nf6 9. d4 cxd4 10. cxd4 O-O 11. Nc3 c5 12. e5 dxe5 13. dxe5 Rd8 14. Qa4 Nh5 15. Be3 Bb7 16. Ne4 Bxe5 17. Nxe5 Qxe5 18. Nxc5 Bd5 19. b3 Qf6 20. Rad1 Ng7 21. Ne4 Qe5 22. Bd4 Qc7 23. Rc1 Qf4 24. Bxg7 Kxg7 25. Nc3 Qxa4 26. Nxa4 Rd7 27. Nc5 Rd6 28. Rxe7 Kf6 29. Rc7 a6 30. Rd1 Rad8 31. Ra7 Ke5 32. Rxa6 Rxa6 33. Nxa6 Rc8 34. Nb4 Be6 35. Kf1 g5 36. Ke2 h5 37. f3 f5 38. Rd2 h4 39. Rc2 Re8 40. Kf2 g4 41. Re2+ Kd6 42. Rd2+ Ke5 43. Nd3+ Kf6 44. Re2 Rc8 45. Nf4 Bf7 46. Nd3 Rc3 47. Ke3 gxh3 48. gxh3 Bh5 49. Kd2 Rc8 50. Re3 Bf7 51. f4 Bd5 52. Ne5 Be4 53. Nc4 Rg8 54. a4 Rg2+ 55. Kc3 Rf2 56. a5 Rxf4 57. a6 Rf1 58. b4 Bg2 59. Re2 Rc1+ 60. Rc2 Rxc2+ 61. Kxc2 Bxh3 62. Ne3 Bg2 63. Nxg2 h3 64. Nf4 h2 65. Nh5+ Kg5 66. Ng3 f4 67. Nh1 f3 68. a7 1-0

[Event "KAZ Cup Women 2019"]
[Site "Almaty"]
[Date "2019.12.16"]
[Round "6.1"]
[White "Dauletova, Gulmira"]
[Black "Nakhbayeva, Guliskhan"]
[Result "0-1"]
[ECO "C18"]
[WhiteElo "2250"]
[BlackElo "2296"]
[Annotator "NA"]
[PlyCount "202"]
[EventDate "2019.12.12"]
[EventType "tourn"]
[EventCountry "KAZ"]
[SourceTitle "playchess.com"]
[Source "ChessBase"]
[SourceQuality "1"]
[TimeControl "40/5400+30:1800+30"]

1. e4 e6 2. d4 d5 3. Nc3 Bb4 4. e5 c5 5. a3 Bxc3+ 6. bxc3 Ne7 7. Qg4 O-O 8. Bd3 f5 9. exf6 Rxf6 10. Bg5 Rf7 11. Qh4 {[%emt 0:01:29] C18: French: 3 Nc3 Bb4: Main line: 7 h4 and 7 Qg4} ({But not} 11. dxc5 e5 $15) (11. Qh5 $5 g6 12. Qd1 $11 Qa5 13. Bd2 e5 14. h4 e4 15. Be2 e3 16. Bxe3 Qxc3+ 17. Bd2 Qxd4 18. Nf3 Qf6 19. Bg5 Qc3+ 20. Bd2 Qf6 21. Bg5 Qc3+ 22. Bd2 Qf6 {½-½ (22) Aronian,L (2765)-Riazantsev,A (2649) St Petersburg 2018}) 11... g6 12. Nf3 Nbc6 13. Bf6 Qa5 $1 14. O-O c4 15. Ne5 Nxe5 16. dxe5 Kf8 17. Bxe7+ $1 $146 ({Predecessor:} 17. Be2 Qxc3 18. Rab1 b6 19. Rb3 cxb3 20. Bxe7+ Rxe7 {0-1 (20) Zaczek,J (2012)-Thavandiran,S (2257) Brantford 2005}) 17... Rxe7 18. Bxg6 hxg6 19. Qh8+ Kf7 20. Qh7+ Ke8 21. Qxg6+ Kd8 22. Rae1 Bd7 23. Qf6 Bc6 24. Re3 Kd7 25. Rg3 Qxa3 26. f4 Rae8 27. h4 Ba4 28. Qg6 Rf8 29. h5 Qb2 30. Qh6 Rff7 31. f5 Qb6+ 32. Kh2 Rh7 33. Qg5 exf5 34. Rxf5 Bxc2 35. Rf6 Re6 36. h6 Rxf6 37. exf6 Qe6 38. Qf4 Qf5 39. Qh4 Ke6 40. Rf3 Qg6 41. Kg1 Be4 42. Qh3+ Kd6 43. Rf2 a5 44. Qc8 Qxh6 45. Qd8+ Kc6 46. Qc8+ Kb5 47. Qe8+ $1 Kb6 48. Qd8+ Kc6 49. Qc8+ Kd6 50. Qd8+ Rd7 51. Qb8+ Kc6 52. Qc8+ Rc7 53. Qe8+ Kb6 54. f7 Qc1+ 55. Rf1 Qe3+ 56. Rf2 Rxf7 57. Qxf7 Qxc3 58. Qe7 Qe1+ 59. Rf1 Qe3+ 60. Kh2 Ka7 61. Rf7 Qh6+ 62. Kg1 Qb6+ 63. Kh2 c3 64. Rf6 Qb4 65. Qc7 c2 66. Rc6 d4 67. Rc5 Ka6 68. Qc8 Ka7 69. Qc7 Ka6 70. Qc8 Ka7 71. Qc7 c1=Q 72. Rxc1 Qb6 73. Qc8 (73. Qf4 $1 $15) 73... Qh6+ 74. Kg1 Bc6 (74... Qe3+ 75. Kh2) 75. Rc5 {[%emt 0:01:03] [#]} Qe3+ $15 ({Black should try} 75... Kb6 $1 $19 76. Rc2 Qe3+ 77. Kh1 Qh6+ 78. Kg1 Qe3+ 79. Kh1 Qe1+ 80. Kh2 Qe5+ 81. Kg1 Qe3+) 76. Kh2 Qf4+ 77. Kg1 Kb6 78. Rf5 Qe3+ 79. Kh2 Qh6+ 80. Kg1 Qe3+ 81. Kh2 Qe8 82. Qxe8 Bxe8 83. Rd5 a4 84. Rxd4 a3 85. Rb4+ Bb5 86. Rb1 a2 87. Ra1 Bc4 88. Kg3 Kc5 89. Kf4 Kd4 90. Rd1+ Bd3 91. g4 Kc3 92. Ra1 Bc4 93. Ke5 Kb2 94. Rxa2+ Kxa2 95. Kd4 b5 96. Kc3 Ka3 97. g5 Bg8 98. Kc2 b4 99. Kb1 Bh7+ 100. g6 Bxg6+ 101. Ka1 Bf7 0-1

[Event "KAZ Cup Women 2019"]
[Site "Almaty"]
[Date "2019.12.16"]
[Round "6.2"]
[White "Gvetadze, Sofio"]
[Black "Gevorgyan, Maria"]
[Result "1-0"]
[ECO "A08"]
[WhiteElo "2301"]
[BlackElo "2255"]
[Annotator "ChessBase"]
[PlyCount "128"]
[EventDate "2019.12.12"]
[EventType "tourn"]
[EventCountry "KAZ"]
[SourceTitle "playchess.com"]
[Source "ChessBase"]
[SourceQuality "1"]
[TimeControl "40/5400+30:1800+30"]

1. Nf3 Nf6 2. g3 e6 3. Bg2 d5 4. O-O Be7 5. d3 O-O 6. Nbd2 c5 7. e4 Nc6 8. Re1 b5 9. e5 Nd7 10. Nf1 b4 11. h4 a5 12. N1h2 Re8 13. Bf4 a4 14. a3 bxa3 15. bxa3 Qb6 16. h5 h6 17. Ng4 Bf8 18. c4 Na5 19. Qxa4 Qb3 20. Qxb3 Nxb3 21. Ra2 Ra4 22. Ne3 Ba6 23. Rb1 Na5 24. Nd2 Nc6 25. cxd5 Ncxe5 26. dxe6 Rxe6 27. Bh3 Nxd3 28. Bxe6 fxe6 29. Bc7 Be7 30. Rc2 N3e5 31. Rd1 Rd4 32. f4 Nc6 33. Nf3 Rxd1+ 34. Nxd1 c4 35. Kh2 Nf6 36. Ne3 Nd5 37. Nxc4 Nxc7 38. Nd6 Bxd6 39. Rxc6 Bb7 40. Rxd6 Bxf3 41. a4 Bxh5 42. Rc6 Ne8 43. Rxe6 Kf7 44. Re3 Bg4 45. Rc3 Ke7 46. a5 Kd7 47. a6 Bf5 48. Rc4 Nc7 49. a7 Na8 50. Rb4 h5 51. Rb7+ Kd6 52. Rxg7 Be4 53. Rg8 Nb6 54. Rb8 Na8 55. Kh3 Bf3 56. Kh4 Nc7 57. Kg5 Ke6 58. Rh8 Ke7 59. Rh7+ Kd6 60. f5 Nb5 61. f6 Ke6 62. Re7+ Kd6 63. Kg6 Nc7 64. Rxc7 Kd5 1-0

[Event "KAZ Cup Women 2019"]
[Site "Almaty"]
[Date "2019.12.16"]
[Round "6.3"]
[White "Tomilova, Elena"]
[Black "Ankudinova, Yelena"]
[Result "1-0"]
[ECO "A13"]
[WhiteElo "2341"]
[BlackElo "2093"]
[Annotator "ChessBase"]
[PlyCount "91"]
[EventDate "2019.12.12"]
[EventType "tourn"]
[EventCountry "KAZ"]
[SourceTitle "playchess.com"]
[Source "ChessBase"]
[SourceQuality "1"]
[TimeControl "40/5400+30:1800+30"]

1. c4 e6 2. Nf3 d5 3. b3 Nf6 4. Bb2 Be7 5. g3 O-O 6. Bg2 Nbd7 7. O-O c6 8. e3 b5 9. cxb5 cxb5 10. Nd4 Qb6 11. Nc3 a6 12. a4 b4 13. a5 Qd6 14. Nce2 Nc5 15. d3 Bd7 16. f4 Qb8 17. h3 Bb5 18. Nc1 Ra7 19. Rf2 Nfd7 20. Rd2 Rc8 21. Nce2 Bd8 22. e4 Nf6 23. e5 Nfd7 24. Kh1 Nb7 25. f5 exf5 26. Nxf5 Nxe5 27. Nf4 Bd7 28. Qh5 Bxf5 29. Qxf5 Ng6 30. Bxd5 Nd6 31. Qg4 Rc5 32. Nxg6 hxg6 33. Qd4 Nf5 34. Qxc5 Nxg3+ 35. Kg1 Re7 36. Qf2 Bc7 37. Re1 Rxe1+ 38. Qxe1 Bf4 39. Qe7 Nf5 40. Qxf7+ Kh7 41. Rg2 Bh2+ 42. Kh1 Bg3 43. Bxg7 Nxg7 44. Qg8+ Kh6 45. Qxb8 Bxb8 46. Be4 1-0

[Event "KAZ Cup Women 2019"]
[Site "Almaty"]
[Date "2019.12.16"]
[Round "6.4"]
[White "Davletbayeva, Madina"]
[Black "Kim, Kristina"]
[Result "1-0"]
[ECO "B06"]
[WhiteElo "2238"]
[BlackElo "1975"]
[Annotator "ChessBase"]
[PlyCount "73"]
[EventDate "2019.12.12"]
[EventType "tourn"]
[EventCountry "KAZ"]
[SourceTitle "playchess.com"]
[Source "ChessBase"]
[SourceQuality "1"]
[TimeControl "40/5400+30:1800+30"]

1. e4 g6 2. h4 d6 3. d4 Nf6 4. Nc3 Nc6 5. f3 e5 6. d5 Nb8 7. Be3 Be7 8. Qd2 Nh5 9. O-O-O Nd7 10. Nge2 Nb6 11. b3 f5 12. exf5 gxf5 13. Kb1 Rg8 14. g3 Rg6 15. Rg1 Bd7 16. Bh3 Qc8 17. g4 fxg4 18. fxg4 Bxg4 19. Rxg4 Rxg4 20. Nb5 Nf6 21. Bxb6 cxb6 22. Rf1 Rd4 23. Qe3 Re4 24. Qg3 Rg4 25. Qe3 Re4 26. Qg3 Rg4 27. Bxg4 Qxg4 28. Qxg4 Nxg4 29. Nc7+ Kd7 30. Nxa8 Nf6 31. Ng3 Nxd5 32. Rf7 h6 33. Rh7 Kc8 34. c4 Bxh4 35. Nf5 Nc3+ 36. Kc2 Be1 37. Nxd6+ 1-0

[Event "KAZ Cup Women 2019"]
[Site "Almaty"]
[Date "2019.12.16"]
[Round "6.5"]
[White "Khomeriki, Nino"]
[Black "Balabayeva, Xeniya"]
[Result "1-0"]
[ECO "D02"]
[WhiteElo "2355"]
[BlackElo "2119"]
[Annotator "ChessBase"]
[PlyCount "85"]
[EventDate "2019.12.12"]
[EventType "tourn"]
[EventCountry "KAZ"]
[SourceTitle "playchess.com"]
[Source "ChessBase"]
[SourceQuality "1"]
[TimeControl "40/5400+30:1800+30"]

1. d4 Nf6 2. Nf3 d5 3. Bf4 c5 4. c3 Qb6 5. Qb3 c4 6. Qc2 g6 7. Nbd2 Bf5 8. Qc1 Nc6 9. h3 h6 10. Ne5 g5 11. Bh2 Bg7 12. e3 Ne4 13. Nxc6 bxc6 14. Nxe4 Bxe4 15. f3 Bg6 16. Be2 O-O 17. O-O c5 18. Kh1 e6 19. Bg3 a5 20. Qd2 a4 21. a3 Ra5 22. Bd1 cxd4 23. exd4 Rb5 24. Rf2 Ra8 25. f4 Bf6 26. Bg4 Ra7 27. f5 exf5 28. Bxf5 Bxf5 29. Rxf5 Re7 30. Rf2 Rb7 31. Raf1 Bg7 32. Qe1 Rxb2 33. Qe8+ Kh7 34. Rxf7 Qg6 35. Rxb7 Rxb7 36. Qxa4 Qd3 37. Rf3 Rb1+ 38. Kh2 Qd2 39. Qd7 Qc1 40. Be5 Qh1+ 41. Kg3 Qe1+ 42. Rf2 Qe3+ 43. Kh2 1-0